 Dungeon Crawl Stone Soup version 0.24-a0-416-g56ce5178b7 (webtiles) character file.

Game seed: 18071178346811944480

59 kidcy the Conjurer (level 3, 0/26 HPs)
             Began as a Draconian Conjurer on June 9, 2019.
             Slain by a bullfrog (4 damage)
             ... on level 6 of the Dungeon.
             The game lasted 00:03:12 (1569 turns).

kidcy the Conjurer (Draconian Conjurer)             Turns: 1569, Time: 00:03:13

Health: 0/26       AC:  5    Str: 11    XL:     3   Next: 78%
Magic:  7/7        EV: 12    Int: 15    God:
Gold:   142        SH:  0    Dex: 11    Spells: 6/7 levels left

rFire    . . .     SeeInvis .   c - +2 whip (venom)
rCold    . . .     Gourm    .   (no shield)
rNeg     . . .     Faith    .   (armour unavailable)
rPois    .         Spirit   .   (helmet restricted)
rElec    .         Reflect  .   (no cloak)
rCorr    .         Harm     .   (no gloves)
MR       .....                  (no boots)
Stlth    ++........             (no amulet)
HPRegen  0.08/turn              (no ring)
MPRegen  0.10/turn              (no ring)

@: no status effects
A: unfitting armour, cold-blooded, AC +5
a: no special abilities


You were on level 6 of the Dungeon.
You were not hungry.

You visited 1 branch of the dungeon, and saw 4 of its levels.

You collected 142 gold pieces.

Inventory:

Hand Weapons
 c - a +2 whip of venom (weapon)
Wands
 h - a wand of scattershot (2)
Scrolls
 f - a scroll of amnesia
 g - a scroll of remove curse
Potions
 a - 2 potions of curing {unknown}
 e - a potion of cancellation {unknown}
 i - a potion of haste {unknown}
Comestibles
 b - 3 rations


   Skills:
 - Level 1.7 Dodging
 - Level 1.7 Stealth
 + Level 2.7 Spellcasting
 * Level 5.0 Conjurations


You had 6 spell levels left.
You knew the following spells:

 Your Spells              Type           Power        Failure   Level  Hunger
a - Magic Dart            Conj           ###.         2%          1    #......

Your spell library contained the following spells:

 Spells                   Type           Power        Failure   Level  Hunger
 Searing Ray              Conj           ###...       3%          2    ##.....
 Dazzling Spray           Conj/Hex       #.....       22%         3    ###....
 Iskenderun's Mystic Bla  Conj           ###.....     26%         4    #####..
 Force Lance              Conj/Tloc      #.......     58%         4    #####..
 Fulminant Prism          Conj/Hex       #.........   58%         4    #####..


Dungeon Overview and Level Annotations

Branches:
Dungeon (3/15)

Altars:

Annotations:
D:2 Sigmund


Innate Abilities, Weirdness & Mutations

Your plain brown scales are hard. (AC +5)
You cannot fit into any form of body armour.
You are cold-blooded and may be slowed by cold attacks.


Message History

Okay, then.
The bullfrog barely misses you.
As you read the scroll labeled UTAUBLIXIU, it crumbles to dust.
You feel blessed for a moment.
It was a scroll of remove curse.
The bullfrog hits you but does no damage.
The worker ant bites you.
* * * LOW HITPOINT WARNING * * *
The bullfrog closely misses you. The worker ant barely misses you.
The worker ant barely misses you.
The bullfrog hits you but does no damage.
The bullfrog hits you but does no damage.
The worker ant barely misses you. The bullfrog barely misses you.
The bullfrog hits you!
* * * LOW HITPOINT WARNING * * *
The bullfrog hits you but does no damage.
The bullfrog hits you.
* * * LOW HITPOINT WARNING * * *
The bullfrog closely misses you. The bullfrog hits you.
You die...

### ### #.##..# ###.#...#
#.......# #@..##.. ##
...# ##F.# ..##. .....
####r$# .... ......
#...a.####... #....Z ###
#.......# ...##.....
#...#....#.### #........
##?$......#...# #....###.
O.........#...####.......
......$.....#..##......##


You could see a bullfrog, a worker ant and a quokka.

Vanquished Creatures
  2 adders
  2 dart slugs
  3 leopard geckos
  6 bats
  3 giant cockroaches
  4 goblins
  5 hobgoblins
  A jackal (D:3)
  3 frilled lizards
  2 kobolds (D:1)
  2 rats
33 creatures vanquished.

Notes
Turn   | Place    | Note
-------+----------+-------------------------------------------
     0 | D:1      | kidcy the Draconian Conjurer began the quest for the Orb.
     0 | D:1      | Reached XP level 1. HP: 14/14 MP: 3/3
   417 | D:1      | Reached XP level 2. HP: 18/20 MP: 5/5
  1081 | D:2      | Noticed Sigmund
  1281 | D:3      | Reached XP level 3. HP: 16/26 MP: 6/6
  1512 | D:3      | You fall into a shaft and drop 3 floors!
  1523 | D:6      | Reached skill level 5 in Conjurations
  1533 | D:6      | Noticed an ogre
  1546 | D:6      | Noticed a bullfrog
  1569 | D:6      | Slain by a bullfrog

Levels and vault maps discovered:
D:1:      matt_arrival_spirals, layout_basic, minivault_4
D:2:      minmay_chambers_of_ones, layout_loops_corners,
          dancing_weapons_uskayaw, uniq_jessica, uniq_sigmund
D:3:      minmay_inner_zag, layout_basic, first_ration, amethyst_killhole
D:6:      layout_cave_pools, uniq_prince_ribbit1

Skill      XL: |  1  2  3 |
---------------+----------+-----
Conjurations   | 5 |  5.0
Dodging        | |  1.7
Stealth        | |  1.7
Spellcasting   | |  2.7

Action                   || total
-------------------------++-------
Melee: Unarmed           ||    16
       Whip              ||    72
       Tailslap          ||     7
 Cast: Magic Dart        ||     8
  Use: Scroll            ||     3
 Stab: Sleeping          ||     6
  Eat: Ration            ||     1
Armor: Skin              ||    32
Dodge: Dodged            ||    63

Table legend:
 A = Non-vault XP
 B = Vault XP
 C = Vault XP percentage of total XP
 D = Non-vault monster count
 E = Vault monster count
 F = Vault count percentage of total count
                 A         B        C        D         E       F
            +---------+---------+-------+---------+---------+-------
      Total |      73 |      12 |  14.1 |      28 |       5 |  15.2
            +---------+---------+-------+---------+---------+-------
        D:1 |      32 |       0 |   0.0 |      18 |       0 |   0.0
        D:3 |      28 |      12 |  30.0 |       9 |       5 |  35.7
        D:6 |      13 |       0 |   0.0 |       1 |       0 |   0.0
            +---------+---------+-------+---------+---------+-------
